 Dungeon Crawl Stone Soup version 0.30-a0-879-ga8ba668304 (webtiles) character file.

Game seed: 5170903586633511711

34 Indecide the Insei (level 3, 23/23 HPs)
             Began as an Octopode Transmuter on Mar 12, 2023.
             Quit the game on level 1 of the Dungeon.
             The game lasted 00:12:09 (667 turns).

Indecide the Insei (Octopode Transmuter)             Turns: 667, Time: 00:12:10

Health: 23/23      AC:  1    Str:  9    XL:     3   Next: 31%
Magic:  6/6        EV: 13    Int: 15    God:
Gold:   0          SH:  0    Dex: 14    Spells: 5/6 levels left

rFire   . . .      SeeInvis .      - Unarmed
rCold   . . .      Faith    .    (no shield)
rNeg    . . .      Spirit   .    (helmet restricted)
rPois   .          Reflect  .    (no amulet)
rElec   .          Rampage  .    e - ring of flight
rCorr   .                        (no ring)
Will    .....                    (no ring)
Stlth   ++                       (no ring)
HPRegen 0.23/turn                (no ring)
MPRegen 0.10/turn                (no ring)
                                 (no ring)
                                 (no ring)

@: flying
A: almost no armour, amphibious, 8 rings, camouflage 1, gelatinous body 1,
(nimble swimmer 1), tentacles
a: no special abilities


You were on level 1 of the Dungeon.
You visited 1 branch of the dungeon, and saw 1 of its levels.

Inventory:

Hand Weapons
 b - a +0 dagger of speed
 f - a +0 hand axe
 g - a +0 short sword
Jewellery
 e - a ring of flight (left tentacle)
Scrolls
 c - a scroll of poison {unknown}
 d - a scroll of identify {unknown}
Potions
 a - a potion of lignification


   Skills:
 + Level 1.2 Fighting
 + Level 2.2 Dodging
 + Level 0.2 Stealth
 + Level 3.7 Unarmed Combat
 + Level 2.2 Spellcasting
 + Level 2.1 Transmutations


You had 5 spell levels left.
You knew the following spells:

 Your Spells              Type           Power      Damage    Failure   Level
a - Beastly Appendage     Tmut           16%        N/A       9%          1

Your spell library contained the following spells:

 Spells                   Type           Power      Damage    Failure   Level
 Wereblood                Tmut           8%         N/A       13%         2
 Spider Form              Tmut/Pois      4%         N/A       38%         3
 Ice Form                 Ice/Tmut       4%         N/A       80%         4


Dungeon Overview and Level Annotations

Branches:
Dungeon (1/15)

Altars:


Innate Abilities, Weirdness & Mutations

You cannot wear most types of armour.
You are amphibious.
You can wear up to eight rings at the same time.
Your skin changes colour to match your surroundings (Stealth+).
Your rubbery body absorbs attacks. (AC +1, EV +1)
((You are camouflaged when in or above water. (Stealth+)))
You have tentacles for arms and can constrict up to eight enemies at once.


Message History

You barely miss the giant cockroach. You squeeze the giant cockroach.
You kill the giant cockroach!
You see here a +0 short sword.
g - a +0 short sword
f - a +0 hand axe (weapon)
You see here a giant cockroach corpse.
A bat comes into view.
One of your tentacles grows a vicious spike.
The bat hits you.
Cleave: f) +0 hand axe
Press: ? - help, Dir - move target, f - bat
Aim: a bat (about 56% to evade your +0 hand axe)
You miss the bat. Your grab misses the bat. The bat hits you. x3
Cleave: f) +0 hand axe
Press: ? - help, Dir - move target, f/p - bat
Aim: a bat (about 56% to evade your +0 hand axe)
You hit the bat. Your grab misses the bat.
Your tentacle spike misses the bat.
The bat is severely wounded.
The bat closely misses you. The bat misses you.
You are now empty-tentacled.
The bat closely misses you. The bat hits you.
Attack: -) Tentacles
Press: ? - help, Dir - move target, f/p - bat
Aim: a bat (severely wounded, about 56% to evade your tentacles)
You barely miss the bat. Your grab misses the bat.
Your tentacle spike misses the bat.
Your squeeze misses the bat.
The bat is severely wounded.
Your transformation is almost over.
The bat hits you. The bat closely misses you.
Attack: -) Tentacles
Press: ? - help, Dir - move target, f/p - bat
Aim: a bat (severely wounded, about 56% to evade your tentacles)
You barely miss the bat. You grab the bat.
You pierce the bat, but do no damage.
The bat is severely wounded.
You constrict the bat.
You kill the bat!
Your tentacle spike disappears.
A frilled lizard comes into view.
Are you sure you want to abandon this character and quit the game? (Confirm with "yes".)

####.######
#.# #.# #.#
#.# #.#
#.########
#.........
#@########
..l......#
#####....^#
##...##
##.## #.#
### #.# ..#
##+# #.#
##...##
#########.##


You could see a frilled lizard (asleep).

Vanquished Creatures
  A dart slug (D:1)
  2 ball pythons (D:1)
  3 bats (D:1)
  2 endoplasms (D:1)
  4 giant cockroaches (D:1)
  A goblin (D:1)
  5 hobgoblins (D:1)
  A kobold (D:1)
  2 quokkas (D:1)
  4 frilled lizards (D:1)
  3 rats (D:1)
28 creatures vanquished.

Notes
Turn   | Place    | Note
-------+----------+-------------------------------------------
     0 | D:1      | Indecide the Octopode Transmuter began the quest for the
                  | Orb.
     0 | D:1      | Reached XP level 1. HP: 13/13 MP: 3/3
   114 | D:1      | Reached XP level 2. HP: 18/18 MP: 5/5
   459 | D:1      | Reached XP level 3. HP: 18/23 MP: 4/6
   667 | D:1      | Quit the game

Illustrated notes

Levels and vault maps discovered:
D:1:      dpeg_arrival_tiny_j, layout_loops_corners, minmay_tromino_i2

Action                     || total
---------------------------++-------
  Melee: Unarmed           ||    19
         Kick              ||    14
         Constrict         ||    18
         Tentacles         ||    16
         Short sword       ||     2
         Punch             ||     2
         Dagger            ||    33
         Hand axe          ||     2
  Throw: Stone             ||     5
   Cast: Beastly Appendage ||    13
   Stab: Sleeping          ||     1
 Armour: Skin              ||     5
  Dodge: Dodged            ||    29

Table legend: (Time is in decaauts)
 A = Elapsed time spent in this place.
 B = Non-inter-level travel time spent in this place.
 C = Inter-level travel time spent in this place.
 D = Time resting spent in this place.
 E = Time spent auto-exploring this place.
 F = Levels seen in this place.
 G = Mean time per level.
                   A        B        C        D        E       F      G
               +--------+--------+--------+--------+--------+-----+--------+
         Total |    652 |    652 |      0 |      0 |    283 |   1 |  652.0 |
       Dungeon |    652 |    652 |      0 |      0 |    283 |   1 |  652.0 |
               +--------+--------+--------+--------+--------+-----+--------+

Top non-repeatable levels by time:
     D:1: 652 daAuts
